 Dungeon Crawl Stone Soup version 0.29.0-11-gd7f09526c8 (webtiles) character file.

Game seed: 14049588612102688368

410 RogueRain17 the Vexing (level 6, -2/47 HPs)
             Began as a Gnoll Arcane Marksman on Sept 3, 2022.
             Slain by a black bear (10 damage)
             ... on level 4 of the Dungeon.
             The game lasted 00:30:37 (4044 turns).

RogueRain17 the Vexing (Gnoll Arcane Marksman)      Turns: 4044, Time: 00:30:38

Health: -2/47      AC:  4    Str: 10      XL:     6   Next: 89%
Magic:  11/11      EV: 13    Int: 11 (12) God:
Gold:   172        SH:  4    Dex: 12      Spells: 11/12 levels left

rFire   . . .      SeeInvis .   e - +2 spear (vamp)
rCold   . . .      Faith    .   q - +0 buckler
rNeg    + . .      Spirit   .   c - +0 robe
rPois   .          Reflect  .   x - +1 helmet
rElec   .          Harm     .   (no cloak)
rCorr   .          Rampage  .   (no gloves)
Will    .....                   (no boots)
Stlth   ++........              (no amulet)
HPRegen 0.15/turn               r - ring of positive energy
MPRegen 0.12/turn               (no ring)

@: unable to drink
A: fangs 1, strong nose, distributed training, dopey 1, inability to drink after
injury 1
a: no special abilities


You were on level 4 of the Dungeon.
You visited 1 branch of the dungeon, and saw 4 of its levels.
You also visited: Ossuary.

You collected 172 gold pieces.

Inventory:

Hand Weapons
 a - a +1 sling
 e - a +2 vampiric spear (weapon)
Armour
 c - a +0 robe (worn)
 f - the +1 cloak of Complete Protection {Str+9 Dex+7}
   (You acquired it in an ossuary)

   Str:       It affects your strength (+9).
   Dex:       It affects your dexterity (+7).
 p - a +1 hat
 q - a +0 buckler (worn)
 x - a +1 helmet (worn)
Jewellery
 d - a ring of poison resistance
 r - a ring of positive energy (left hand)
Scrolls
 b - a scroll of vulnerability
 j - a scroll of magic mapping
 l - a scroll of acquirement
 u - a scroll of fear {unknown}
Potions
 n - a potion of invisibility {unknown}
 t - a potion of degeneration


   Skills:
 + Level 3.4 Fighting
 + Level 2.2 Short Blades
 + Level 2.2 Long Blades
 + Level 2.2 Axes
 + Level 2.2 Maces & Flails
 + Level 2.2 Polearms
 + Level 2.2 Staves
 + Level 5.1 Ranged Weapons
 + Level 2.2 Throwing
 + Level 2.2 Armour
 + Level 5.1 Dodging
 + Level 2.2 Stealth
 + Level 2.2 Shields
 + Level 2.2 Unarmed Combat
 + Level 3.6 Spellcasting
 + Level 1.8 Conjurations
 + Level 5.7 Hexes
 + Level 1.8 Summonings
 + Level 1.8 Necromancy
 + Level 1.8 Translocations
 + Level 1.8 Transmutations
 + Level 1.8 Fire Magic
 + Level 1.8 Ice Magic
 + Level 1.8 Air Magic
 + Level 1.8 Earth Magic
 + Level 1.8 Poison Magic
 + Level 2.5 Invocations
 + Level 2.2 Evocations


You had 11 spell levels left.
You knew the following spells:

 Your Spells              Type           Power      Damage    Failure   Level
a - Slow                  Hex            56%        N/A       3%          1

Your spell library contained the following spells:

 Spells                   Type           Power      Damage    Failure   Level
 Inner Flame              Hex/Fire       10%        N/A       21%         3
 Portal Projectile        Hex/Tloc       20%        N/A       21%         3
 Sublimation of Blood     Necr           6%         N/A       24%         2
 Wereblood                Tmut           6%         N/A       24%         2
 Cause Fear               Hex            7%         N/A       30%         4
 Summon Hydra             Summ           3%         N/A       100%        7


Dungeon Overview and Level Annotations

Branches:
Dungeon (4/15)            Ossuary (visited)
 Temple: D:4-7

Altars:

Annotations:
D:3 Grinder


Innate Abilities, Weirdness & Mutations

You have very sharp teeth.
Your uncanny sense of smell can sniff out nearby items.
Your experience applies equally to all skills.
You are dopey. (Int -2)
You occasionally lose the ability to drink potions when taking damage.


Message History

Aim: a black bear (chance to affect: 53%)
The black bear seems to slow down.
The black bear closely misses you. The black bear claws you. x2
You feel a sense of dread.
e - a +2 vampiric spear (weapon)
You puncture the black bear!
The black bear is moderately wounded.
You start to feel less resistant.
The black bear bites you. The black bear claws you.
* * * LOW HITPOINT WARNING * * *
The black bear misses you.
You barely miss the black bear.
The black bear is moderately wounded.
The black bear bites you but does no damage.
The black bear claws you.
* * * LOW HITPOINT WARNING * * *
The black bear misses you.
You closely miss the black bear.
The black bear is moderately wounded.
You puncture the black bear!
The black bear is heavily wounded.
The black bear closely misses you. You block the black bear's attack.
The black bear misses you.
You feel better. The black bear bites you!
You feel threatened and lose the ability to drink potions!
* * * LOW HITPOINT WARNING * * *
The black bear claws you.
* * * LOW HITPOINT WARNING * * *
The black bear claws you.
* * * LOW HITPOINT WARNING * * *
You hit the black bear.
The black bear is heavily wounded.
You hit the black bear.
You feel better.
Your bite misses the black bear.
The black bear is severely wounded.
Your resistance to elements expires.
The black bear shakes off its lethargy.
The black bear goes berserk!
You hit the black bear.
The black bear is almost dead.
The black bear bites you!
You die...

...........<..#
#............## ∆
............#
######........##
#....#..........#
#..###...##....##
#......#####.#...
#..###..# ..##.#.
#..h@#..).. .#
...
######......## ##
........#
#....#...
..####..# ### .#


You could see a black bear (berserk).

Vanquished Creatures
  An ice beast (D:3)
  2 centaur zombies (Ossuary)
  An orc priest (D:4)
  Jessica (D:3)
  2 orc wizards (D:3)
  Robin (D:2)
  A gnoll (D:1)
  2 adders
  A white imp (D:4)
  2 worms (D:2)
  A dart slug (D:1)
  4 orcs
  3 ball pythons
  4 endoplasms
  11 goblins
  9 hobgoblins
  6 jackals
  6 kobolds
  3 quokkas
  6 bats
  3 frilled lizards
  6 hobgoblin zombies (Ossuary)
  8 kobold zombies (Ossuary)
  9 orc zombies (Ossuary)
  A quokka zombie (D:4)
  6 rats
  A rat zombie (D:4)
101 creatures vanquished.

Vanquished Creatures (others)
  A plant (D:1)
1 creature vanquished.

Grand Total: 102 creatures vanquished

Notes
Turn   | Place    | Note
-------+----------+-------------------------------------------
     0 | D:1      | RogueRain17 the Gnoll Arcane Marksman began the quest for
                  | the Orb.
     0 | D:1      | Reached XP level 1. HP: 17/17 MP: 4/4
   230 | D:1      | Reached XP level 2. HP: 23/23 MP: 5/5
   672 | D:1      | Found a faded altar of an unknown god.
   675 | D:1      | Reached XP level 3. HP: 28/28 MP: 5/7
  1189 | D:2      | Reached skill level 1 in Invocations
  1368 | D:2      | Reached skill level 1 in Short Blades
  1368 | D:2      | Reached skill level 1 in Long Blades
  1368 | D:2      | Reached skill level 1 in Axes
  1368 | D:2      | Reached skill level 1 in Maces & Flails
  1368 | D:2      | Reached skill level 1 in Polearms
  1368 | D:2      | Reached skill level 1 in Staves
  1368 | D:2      | Reached skill level 1 in Throwing
  1368 | D:2      | Reached skill level 1 in Armour
  1368 | D:2      | Reached skill level 1 in Stealth
  1368 | D:2      | Reached skill level 1 in Shields
  1368 | D:2      | Reached skill level 1 in Unarmed Combat
  1368 | D:2      | Reached skill level 1 in Evocations
  1522 | D:2      | Reached XP level 4. HP: 34/34 MP: 8/8
  1712 | D:2      | Noticed Robin
  1763 | D:2      | Reached skill level 1 in Conjurations
  1763 | D:2      | Reached skill level 1 in Summonings
  1763 | D:2      | Reached skill level 1 in Necromancy
  1763 | D:2      | Reached skill level 1 in Translocations
  1763 | D:2      | Reached skill level 1 in Transmutations
  1763 | D:2      | Reached skill level 1 in Fire Magic
  1763 | D:2      | Reached skill level 1 in Ice Magic
  1763 | D:2      | Reached skill level 1 in Air Magic
  1763 | D:2      | Reached skill level 1 in Earth Magic
  1763 | D:2      | Reached skill level 1 in Poison Magic
  1766 | D:2      | Killed Robin
  2396 | D:3      | Noticed an ice beast
  2846 | D:3      | Noticed Jessica
  2851 | D:3      | Reached XP level 5. HP: 32/40 MP: 7/9
  2854 | D:3      | Killed Jessica
  3191 | D:3      | Killed an ice beast
  3192 | D:3      | Reached skill level 5 in Ranged Weapons
  3192 | D:3      | Reached skill level 5 in Dodging
  3192 | D:3      | Reached XP level 6. HP: 33/47 MP: 9/11
  3300 | D:3      | Noticed Grinder
  3599 | D:4      | Noticed a black bear
  3696 | D:4      | Found a sand-covered staircase.
  3707 | Ossuary  | Entered an ossuary
  4003 | Ossuary  | Identified 2 scrolls of acquirement
  4003 | Ossuary  | Acquired the +1 cloak of Complete Protection {Str+9 Dex+7}
  4010 | Ossuary  | Gained mutation: You occasionally lose the ability to drink
                  | potions when taking damage. [potion of mutation]
  4010 | Ossuary  | Gained mutation: You are dopey. (Int -2) [potion of
                  | mutation]
  4044 | D:4      | Slain by a black bear

Illustrated notes

Levels and vault maps discovered:
D:1:      evilmike_arrival_crescent, layout_loops_ring,
          shapermc_ecumenical_altar_acropolis
D:2:      layout_rooms, serial_rivers, chequers_serial_rivers_micro_c,
          chequers_serial_rivers_micro_e, chequers_serial_rivers_room_a,
          chequers_serial_rivers_micro_a, chequers_serial_rivers_small_3,
          kennysheep_generic_room_3, uniq_robin
D:3:      layout_loops_ring, uniq_jessica, uniq_grinder
D:4:      layout_cave_pools, general_overflow_altar,
          nicolae_ru_great_annihilating_truth, enter_ossuary_4,
          minmay_liquid_box

Skill      XL: |  1  2  3  4  5 |
---------------+----------------+-----
Invocations    | 1 2 |  2.5
Short Blades   | 1 2 |  2.2
Long Blades    | 1 2 |  2.2
Axes           | 1 2 |  2.2
Maces & Flails | 1 2 |  2.2
Polearms       | 1 2 |  2.2
Staves         | 1 2 |  2.2
Throwing       | 1 2 |  2.2
Armour         | 1 2 |  2.2
Stealth        | 1 2 |  2.2
Shields        | 1 2 |  2.2
Unarmed Combat | 1 2 |  2.2
Evocations     | 1 2 |  2.2
Spellcasting   | 3 |  3.6
Conjurations   | 1 |  1.8
Summonings     | 1 |  1.8
Necromancy     | 1 |  1.8
Translocations | 1 |  1.8
Transmutations | 1 |  1.8
Fire Magic     | 1 |  1.8
Ice Magic      | 1 |  1.8
Air Magic      | 1 |  1.8
Earth Magic    | 1 |  1.8
Poison Magic   | 1 |  1.8
Fighting       | 3 |  3.4
Ranged Weapons | 5 |  5.1
Dodging        | 5 |  5.1
Hexes          | |  5.7

Action                   |  1- 3 |  4- 6 || total
-------------------------+-------+-------++-------
Melee: Spear             |       |    40 ||    40
       Bite              |       |     2 ||     2
 Fire: Sling             |   108 |   217 ||   325
 Cast: Slow              |    25 |    17 ||    42
Evoke: Wand              |       |    11 ||    11
  Use: Scroll            |     1 |    10 ||    11
       Potion            |       |     9 ||     9
Armor: Robe              |     9 |    64 ||    73
Dodge: Dodged            |    38 |   146 ||   184
Block: Buckler           |       |    47 ||    47
